 Dungeon Crawl Stone Soup version 0.29.1-13-g9f3cf754e1 (webtiles) character file.

Game seed: 17199605257942077799

219 Priul the Conjurer (level 5, 0/28 HPs)
             Began as a Deep Elf Conjurer on Feb 2, 2023.
             Shot with a bolt by an orc warrior (15 damage)
             ... on level 4 of the Dungeon.
             The game lasted 00:18:19 (4068 turns).

Priul the Conjurer (Deep Elf Conjurer)              Turns: 4068, Time: 00:18:20

Health: 0/28       AC:  6    Str:  4    XL:     5   Next: 64%
Magic:  14/14      EV: 12    Int: 25    God:
Gold:   153        SH:  0    Dex: 13    Spells: 9/14 levels left

rFire   + . .      SeeInvis +   o - +2 short sword (flame)
rCold   . . .      Faith    .   (no shield)
rNeg    . . .      Spirit   .   a - +0 robe
rPois   .          Reflect  .   (no helmet)
rElec   .          Harm     .   (no cloak)
rCorr   .          Rampage  .   (no gloves)
Will    .....                   (no boots)
Stlth   ++........              (no amulet)
HPRegen 0.09/turn               t - ring of see invisible
MPRegen 0.14/turn               y - ring "Tin Ytafixt" {rF+ AC+4}

@: no status effects
A: no striking features
a: no special abilities


You were on level 4 of the Dungeon.
You visited 1 branch of the dungeon, and saw 4 of its levels.

You collected 153 gold pieces.

Inventory:

Hand Weapons
 o - a +2 short sword of flaming (weapon)
 z - a +0 longbow
Missiles
 d - 53 stones
 g - 6 boomerangs
 s - 2 boomerangs of dispersal
 w - 4 poisoned darts
Armour
 a - a +0 robe (worn)
Jewellery
 i - an amulet of faith
 t - a ring of see invisible (left hand)
 y - the ring "Tin Ytafixt" (right hand) {rF+ AC+4}
   (You took it off a kobold on level 3 of the Dungeon)

   [ring of protection]

   AC:        It affects your AC (+4).
   rF:        It protects you from fire.
Wands
 u - a wand of roots (10) (quivered)
Scrolls
 c - a scroll of blinking {unknown}
 f - a scroll of butterflies {unknown}
 k - a scroll of immolation {unknown}
 m - 2 scrolls of poison
 q - a scroll of brand weapon {unknown}
 r - a scroll of silence {unknown}
 v - a scroll of magic mapping {unknown}
 x - 2 scrolls of enchant armour
Potions
 b - a potion of magic
 e - a potion of heal wounds {unknown}
 h - a potion of invisibility {unknown}
 j - 6 potions of curing
 l - a potion of lignification {unknown}
 n - a potion of berserk rage {unknown}
 p - a potion of might {unknown}
 A - a potion of brilliance {unknown}


   Skills:
 + Level 0.1 Fighting
 + Level 1.8 Ranged Weapons
 + Level 2.6 Dodging
 + Level 3.2 Stealth
 + Level 5.0 Spellcasting
 + Level 6.2 Conjurations


You had 9 spell levels left.
You knew the following spells:

 Your Spells              Type           Power      Damage    Failure   Level
a - Magic Dart            Conj           100%       1d8       1%          1
b - Searing Ray           Conj           74%        2d7       1%          2
c - Static Discharge      Conj/Air       21%        3-6/arc   3%          2

Your spell library contained the following spells:

 Spells                   Type           Power      Damage    Failure   Level
 Dazzling Flash           Conj/Hex       42%        N/A       7%          3
 Fulminant Prism          Conj/Hex       10%        3d9       22%         4
 Iskenderun's Mystic Bla  Conj/Tloc      21%        2d6       22%         4
 Lightning Bolt           Conj/Air       10%        1d23      54%         5
 Cause Fear               Hex            3%         N/A       63%         4
 Dragon Form              Tmut           3%         N/A       100%        7
 Maxwell's Capacitive Co  Air            3%         ∞         100%        8
 Dragon's Call            Summ           3%         N/A       100%        9


Dungeon Overview and Level Annotations

Branches:
Dungeon (4/15)
 Temple: D:4-7

Altars:
Yredelemnul

Shops:
D:3 (

Annotations:
D:2 1 runed translucent door, Crazy Yiuf


Message History

Confirm with . or Enter, or press ? or * to list all spells.
Aiming: Magic Dart (safe; 1% risk of failure)
Press: ? - help, Shift-Dir - straight line, f/p - hobgoblin
Aim: a hobgoblin (100% to hit)
The magic dart hits the hobgoblin but does no damage.
Casting: Magic Dart (safe; 1% risk of failure)
Confirm with . or Enter, or press ? or * to list all spells.
Aiming: Magic Dart (safe; 1% risk of failure)
Press: ? - help, Shift-Dir - straight line, f/p - hobgoblin
Aim: a hobgoblin (100% to hit)
The magic dart hits the hobgoblin but does no damage.
The hobgoblin closely misses you.
Casting: Magic Dart (safe; 1% risk of failure)
Confirm with . or Enter, or press ? or * to list all spells.
Aiming: Magic Dart (safe; 1% risk of failure)
Press: ? - help, Shift-Dir - straight line, f/p - hobgoblin
Aim: a hobgoblin (100% to hit)
The magic dart hits the hobgoblin.
You kill the hobgoblin!
There is an open door here.
You open the door.
There is an open door here.
An orc warrior comes into view. It is wielding a +0 dire flail.
Casting: Magic Dart (safe; 1% risk of failure)
Confirm with . or Enter, or press ? or * to list all spells.
Aiming: Magic Dart (safe; 1% risk of failure)
Press: ? - help, Shift-Dir - straight line, f - orc warrior
Aim: an orc warrior, wielding a +0 dire flail and wearing a +0 chain mail (asleep, 100% to hit)
The magic dart hits the orc warrior.
The orc warrior is lightly wounded.
The orc warrior shouts!
The orc warrior unwields a +0 dire flail.
The orc warrior wields a +0 arbalest.
The orc warrior shoots a bolt.
The bolt barely misses you.
An orc wizard comes into view. It is wielding a +3 dagger.
The orc warrior shoots a bolt.
The bolt hits you!
You hear a shout!
The orc warrior shoots a bolt.
The bolt hits you!
Ouch! That really hurt!
You die... ##...#...........#.....o...P... #####...######.###'##o###P...o ##..######.###....# .PP

#..........#......# .
#..........'......#
###########...##...#.#
##<.###...##...##...#.#
#.....................#
#..............@......#
##...##...##..........#
######...##...##..##..P.
#....##...##..# #...
#............... ...
##............... ..
....##...######.# ..
#+## .#


You could see an orc warrior.

Vanquished Creatures
  Jessica (D:2)
  Ijyb (D:3)
  An iguana (D:4)
  A mummy (D:4)
  5 adders
  2 dart slugs
  An orc (D:3)
  6 endoplasms
  3 giant cockroaches
  6 goblins
  7 hobgoblins
  6 jackals
  5 quokkas
  7 ball pythons
  5 bats
  6 frilled lizards
  A hobgoblin zombie (D:4)
  8 kobolds
  2 kobold zombies (D:4)
  An orc zombie (D:4)
  7 rats
82 creatures vanquished.

Vanquished Creatures (others)
  A withered plant (D:4)
1 creature vanquished.

Grand Total: 83 creatures vanquished

Notes
Turn   | Place    | Note
-------+----------+-------------------------------------------
     0 | D:1      | Priul the Deep Elf Conjurer began the quest for the Orb.
     0 | D:1      | Reached XP level 1. HP: 10/10 MP: 6/6
   140 | D:1      | Noticed an eye of devastation
   142 | D:1      | Found a faded altar of an unknown god.
   146 | D:1      | Noticed a shining eye
   147 | D:1      | Noticed a golden eye
   147 | D:1      | Noticed a golden eye
   333 | D:1      | Reached XP level 2. HP: 15/15 MP: 6/8
   366 | D:1      | Learned a level 2 spell: Searing Ray
   635 | D:1      | Learned a level 2 spell: Static Discharge
   760 | D:1      | Reached skill level 5 in Conjurations
  1147 | D:2      | Found a basalt altar of Yredelemnul.
  1259 | D:2      | Found a runed translucent door.
  1260 | D:2      | Noticed Crazy Yiuf
  1341 | D:2      | Reached XP level 3. HP: 19/19 MP: 7/10
  1365 | D:2      | Noticed Jessica
  1368 | D:2      | Killed Jessica
  1533 | D:2      | Reached XP level 4. HP: 24/24 MP: 9/12
  2213 | D:3      | Noticed Ijyb
  2224 | D:3      | Killed Ijyb
  2756 | D:3      | Reached skill level 6 in Conjurations
  2756 | D:3      | Reached XP level 5. HP: 28/28 MP: 9/13
  2972 | D:3      | Identified the ring "Tin Ytafixt" {rF+ AC+4}
  3207 | D:3      | Found Geum's Weapon Emporium.
  3380 | D:3      | Reached skill level 5 in Spellcasting
  3821 | D:4      | Reached skill level 1 in Ranged Weapons
  4055 | D:4      | Noticed an orc warrior
  4068 | D:4      | Shot with a bolt by an orc warrior

Illustrated notes

Levels and vault maps discovered:
D:1:      psy_arrival_wood_between_worlds, layout_basic,
          hellmonk_ecumenical_altar_watching_god, minivault_11
D:2:      layout_basic, basic_altar, chequers_avenue, uniq_crazy_yiuf_cottage,
          uniq_jessica
D:3:      layout_loops_corners, serial_shops, shop, uniq_ijyb
D:4:      layout_gridville, kiku_gazebo_garden_becter, minmay_mini_ossuary

Skill      XL: |  1  2  3  4  5 |
---------------+----------------+-----
Conjurations   | 5 6 |  6.2
Spellcasting   | 4 5 |  5.0
Stealth        | 3 |  3.2
Ranged Weapons | 1 |  1.8
Fighting       | |  0.1
Dodging        | |  2.6

Action                   |  1- 3 |  4- 6 || total
-------------------------+-------+-------++-------
Melee: Short sword       |       |     4 ||     4
 Fire: Sling             |       |     1 ||     1
       Longbow           |       |     1 ||     1
 Cast: Magic Dart        |    56 |    86 ||   142
       Searing Ray       |     1 |     5 ||     6
Evoke: Wand              |       |     1 ||     1
  Use: Scroll            |       |     3 ||     3
Armor: Robe              |     1 |     4 ||     5
Dodge: Dodged            |     1 |    16 ||    17
